[Event "Polish Youth G18 Championship 2023"]
[Site "Jastrzebia Gora"]
[Date "2023.03.13"]
[Round "3.15"]
[White "Czerwinska, Oliwia"]
[Black "Obrochta, Lena"]
[Result "1/2-1/2"]
[ECO "B40"]
[WhiteElo "1369"]
[BlackElo "1673"]
[Annotator "NA RC COMBH"]
[PlyCount "99"]
[EventDate "2023.03.11"]
[EventType "swiss"]
[EventCountry "POL"]
[SourceTitle "playchess.com"]
[Source "ChessBase"]
[SourceQuality "1"]
[TimeControl "40/5400+30:1800+30"]

1. e4 c5 2. Nf3 e6 3. c3 d5 4. exd5 exd5 5. d4 Nc6 6. Be3 cxd4 7. Nxd4 Nf6 8. h3 Bd6 9. Bd3 O-O 10. O-O Bd7 11. Nf5 Bb8 12. Nd2 Qc8 13. g4 Re8 14. Bd4 Nxd4 15. cxd4 Ne4 16. Rc1 Qd8 17. Bxe4 dxe4 18. Ne3 Qf6 19. Kg2 Qxd4 20. Ndc4 Qxd1 21. Rfxd1 Bc6 22. Na5 Be5 23. Nxc6 bxc6 24. b3 Rac8 25. Rc4 Bf6 26. Rd7 a5 27. Ra7 Bd8 28. Nf5 Re6 29. Rd7 Kf8 30. Nd6 Rc7 31. Rxc7 Bxc7 32. Nxe4 Ke7 33. Kf3 h6 34. Nc5 Re5 35. Nb7 Kd7 36. Rc5 Rxc5 37. Nxc5+ Kd6 38. Nd3 Kd5 39. Ke2 Ke4 40. f3+ Kd4 41. Kd2 Bd6 42. Nb2 Bb4+ 43. Ke2 Kc3 44. Nc4 Kc2 45. f4 Kc3 46. g5 Kc2 47. Ke3 Bc3 48. Ke2 Bb4 49. Ke3 Bc3 50. Ke4 1/2-1/2

[Event "Polish Youth G18 Championship 2023"]
[Site "Jastrzebia Gora"]
[Date "2023.03.13"]
[Round "3.16"]
[White "Sivickis, Kornelia"]
[Black "Anyz, Monika"]
[Result "0-1"]
[ECO "B39"]
[WhiteElo "1328"]
[BlackElo "1755"]
[Annotator "NA RC COMBH"]
[PlyCount "147"]
[EventDate "2023.03.11"]
[EventType "swiss"]
[EventCountry "POL"]
[SourceTitle "playchess.com"]
[Source "ChessBase"]
[SourceQuality "1"]
[TimeControl "40/5400+30:1800+30"]

1. e4 c5 2. Nf3 Nc6 3. d4 cxd4 4. Nxd4 g6 5. c4 Nf6 6. Nc3 Bg7 7. Be3 Ng4 8. Qxg4 Nxd4 9. Qd1 Ne6 10. Rc1 Qa5 11. a3 b6 12. Be2 Bb7 13. f3 g5 14. Qd2 h5 15. f4 gxf4 16. Bxf4 Bxc3 17. Rxc3 Bxe4 18. Rg1 Qf5 19. g3 Rg8 20. Rf1 Bg2 21. Bd3 Qh3 22. Rf2 Bc6 23. Be5 Qg4 24. h4 f6 25. Bf5 Qg7 26. Bxe6 dxe6 27. Bf4 Rd8 28. Qe2 Qg4 29. c5 b5 30. Qxg4 Rxg4 31. Rd2 Rxd2 32. Bxd2 Rc4 33. Rxc4 bxc4 34. Ke2 Kf7 35. Ke3 e5 36. Ba5 f5 37. Bc7 Ke6 38. Bd8 Kd7 39. Ba5 Bg2 40. Bc3 Ke6 41. Kf2 Bc6 42. Ke3 Kd5 43. Bb4 e6 44. Bc3 Ba4 45. Bb4 a6 46. Bc3 Bc6 47. Bb4 e4 48. Kf4 Kd4 49. Kg5 Be8 50. Kf6 Kd5 51. Ke7 Bc6 52. Kf6 e3 53. Bc3 Ba4 54. Bb4 e2 55. Be1 Kxc5 56. Kxe6 Kd4 57. Kxf5 Kd3 58. Kg5 Be8 59. Kf4 Kc2 60. Ke3 Kxb2 61. Kxe2 c3 62. Kd3 c2 63. Bc3+ Kb1 64. Bd2 c1=Q 65. Bxc1 Kxc1 66. Kc3 Kd1 67. Kd3 Ke1 68. Ke3 Bd7 69. Kf3 Kf1 70. Kf4 Kg2 71. Kg5 Bg4 72. Kf4 Kf2 73. Ke4 Kxg3 74. Kd4 0-1

[Event "Polish Youth G18 Championship 2023"]
[Site "Jastrzebia Gora"]
[Date "2023.03.13"]
[Round "3.17"]
[White "Trybus, Dominika"]
[Black "Bauer, Marika"]
[Result "1-0"]
[ECO "C50"]
[WhiteElo "1543"]
[BlackElo "1183"]
[Annotator "NA RC COMBH"]
[PlyCount "117"]
[EventDate "2023.03.11"]
[EventType "swiss"]
[EventCountry "POL"]
[SourceTitle "playchess.com"]
[Source "ChessBase"]
[SourceQuality "1"]
[TimeControl "40/5400+30:1800+30"]

1. e4 e5 2. Bc4 Bc5 3. Nf3 Nc6 4. O-O Nf6 5. d3 h6 6. c3 d6 7. Nbd2 O-O 8. Re1 Be6 9. Bb5 a6 10. Ba4 Bb6 11. Nf1 Ne7 12. d4 exd4 13. cxd4 Ng6 14. Ng3 Bd7 15. Bc2 Re8 16. h4 Bg4 17. h5 Nxh5 18. Nxh5 Bxh5 19. Qd3 Qd7 20. Nh2 Nf8 21. Bd2 Bg6 22. d5 Qb5 23. Qxb5 axb5 24. Bd3 c6 25. dxc6 bxc6 26. Kf1 d5 27. f3 dxe4 28. Bxe4 Bxe4 29. Rxe4 Rxe4 30. fxe4 Ra4 31. e5 Re4 32. Re1 Rxe1+ 33. Kxe1 Bd4 34. Bc3 Bxc3+ 35. bxc3 Ng6 36. Nf3 Kf8 37. Kd2 Ke7 38. Ke3 Ke6 39. Ke4 Ne7 40. Nd4+ Kd7 41. a3 Nd5 42. Ne2 Ke6 43. Nd4+ Kd7 44. Nxb5 Ke7 45. c4 Nb6 46. Nd4 Nxc4 47. a4 Kd7 48. Nf5 g6 49. Nxh6 Ke6 50. Ng4 f6 51. exf6 Nd6+ 52. Kd4 Nb7 53. g3 g5 54. Kc4 Nd6+ 55. Kc5 Kd7 56. Ne5+ Ke6 57. f7 Ke7 58. f8=Q+ Kxf8 59. Kxd6 1-0

[Event "Polish Youth G18 Championship 2023"]
[Site "Jastrzebia Gora"]
[Date "2023.03.13"]
[Round "3.18"]
[White "Gornisiewicz, Natalia"]
[Black "Lopusiewicz, Marta"]
[Result "1-0"]
[ECO "A12"]
[WhiteElo "1287"]
[BlackElo "1180"]
[Annotator "NA RC COMBH"]
[PlyCount "73"]
[EventDate "2023.03.11"]
[EventType "swiss"]
[EventCountry "POL"]
[SourceTitle "playchess.com"]
[Source "ChessBase"]
[SourceQuality "1"]
[TimeControl "40/5400+30:1800+30"]

1. Nf3 c6 2. c4 d5 3. b3 Bg4 4. e3 Nf6 5. Be2 Nbd7 6. d4 e6 7. Bb2 Bd6 8. Nbd2 a5 9. O-O b6 10. Rc1 O-O 11. Nh4 Bxe2 12. Qxe2 Ne4 13. Nhf3 Ndf6 14. Nxe4 Nxe4 15. Nd2 Nxd2 16. Qxd2 Qe7 17. Qc2 c5 18. e4 dxe4 19. Qxe4 a4 20. Rc3 f5 21. Qe3 cxd4 22. Qxd4 Bc5 23. Qe5 Bd6 24. Qe2 e5 25. Rd3 e4 26. Rd5 axb3 27. Rfd1 Rad8 28. axb3 f4 29. Qg4 Rf7 30. Be5 e3 31. Rxd6 Rxd6 32. Bxd6 Qf6 33. Qc8+ Rf8 34. Qxf8+ Qxf8 35. Bxf8 Kxf8 36. fxe3 fxe3 37. Re1 1-0

[Event "Polish Youth G18 Championship 2023"]
[Site "Jastrzebia Gora"]
[Date "2023.03.13"]
[Round "3.19"]
[White "Olszewska, Wiktoria"]
[Black "Nagly, Malgorzata"]
[Result "1-0"]
[ECO "C03"]
[WhiteElo "1287"]
[BlackElo "1041"]
[Annotator "NA RC COMBH"]
[PlyCount "50"]
[EventDate "2023.03.11"]
[EventType "swiss"]
[EventCountry "POL"]
[SourceTitle "playchess.com"]
[Source "ChessBase"]
[SourceQuality "1"]
[TimeControl "40/5400+30:1800+30"]

1. e4 e6 2. d4 d5 3. Nd2 a6 4. Bd3 c5 5. dxc5 Bxc5 6. Ngf3 Nc6 7. O-O Nge7 8. Re1 O-O 9. Nb3 Bb6 10. Ng5 Ng6 11. Qh5 h6 12. Nf3 dxe4 13. Rxe4 Qd5 14. Qxd5 exd5 15. Re1 Bg4 16. Be2 Rfe8 17. Bd2 Bf5 18. c4 d4 19. c5 d3 20. Bxd3 Bxd3 21. cxb6 Rad8 22. Nc5 Re7 23. Rxe7 Ngxe7 24. Nxb7 Rb8 25. Nc5 Bf5 1-0

[Event "Polish Youth G18 Championship 2023"]
[Site "Jastrzebia Gora"]
[Date "2023.03.13"]
[Round "3.20"]
[White "Pietruszka, Julia"]
[Black "Tittor, Weronika"]
[Result "1-0"]
[ECO "B27"]
[WhiteElo "1151"]
[BlackElo "1226"]
[Annotator "NA RC COMBH"]
[PlyCount "59"]
[EventDate "2023.03.11"]
[EventType "swiss"]
[EventCountry "POL"]
[SourceTitle "playchess.com"]
[Source "ChessBase"]
[SourceQuality "1"]
[TimeControl "40/5400+30:1800+30"]

1. e4 c5 2. Nf3 g6 3. d4 cxd4 4. Nxd4 Nc6 5. Be3 Nf6 6. Nc3 Bg7 7. Be2 O-O 8. O-O d5 9. exd5 Nb4 10. a3 Nbxd5 11. Nxd5 Nxd5 12. c3 Nxe3 13. fxe3 Qb6 14. b4 e5 15. Nc2 Bf5 16. Kh1 Bxc2 17. Qxc2 Qxe3 18. Rf3 Qb6 19. Raf1 Qe6 20. Qe4 Rac8 21. Qxb7 e4 22. Rxf7 Bxc3 23. Rxf8+ Rxf8 24. Rxf8+ Kxf8 25. Qb8+ Qe8 26. Qxa7 Qf7 27. Qc5+ Ke8 28. Bb5+ Kd8 29. Qd6+ Kc8 30. Ba6+ 1-0